| TOP OF THE 1ST |
|
Frisco RoughRiders batting - Pitching for Midland RockHounds : RHP John Barney
|
|
Pitching: RHP John Barney
|
|
|
Batting: LHB Davey Schonewille
|
0-0: Called Strike 0-1: Foul Ball, location: 2F 0-2: Strikes out swinging
|
|
Batting: LHB Alfonso Collazo
|
0-0: Fly out, F8 (Flyball, 78M, EV 81.2 MPH)
|
|
Batting: LHB Justin Barker
|
0-0: Ball 1-0: Foul Ball, location: 2F 1-1: Ball 2-1: Ball 3-1: Base on Balls
|
|
Batting: RHB Kurt Wagner
|
0-0: Ball 1-0: Ball 2-0: Foul Ball, location: 2F 2-1: Fly out, F7 (Flyball, 78M, EV 89.4 MPH)
|
| Top of the 1st over - 0 runs, 0 hits, 0 errors, 1 left on base; Frisco 0 - Midland 0 |
| BOTTOM OF THE 1ST |
|
Midland RockHounds batting - Pitching for Frisco RoughRiders : LHP John Roe
|
|
Pitching: LHP John Roe
|
|
|
Batting: RHB Armando Estrada
|
0-0: Called Strike 0-1: Ball 1-1: Ground out 5-3 (Groundball, 5L, EV 76.2 MPH)
|
|
Batting: RHB Dave Glenn
|
0-0: Foul Ball, location: 2F 0-1: Swinging Strike 0-2: Strikes out looking
|
|
Batting: RHB Eduardo Chavez
|
0-0: Ground out 6-3 (Groundball, 6, EV 93.1 MPH)
|
| Bottom of the 1st over - 0 runs, 0 hits, 0 errors, 0 left on base; Frisco 0 - Midland 0 |
| TOP OF THE 2ND |
|
Frisco RoughRiders batting - Pitching for Midland RockHounds : RHP John Barney
|
|
Batting: RHB Aaron Graham
|
0-0: Ball 1-0: Swinging Strike 1-1: Foul Ball, location: 2F 1-2: Foul Ball, location: 2F 1-2: Strikes out swinging
|
|
Batting: RHB Brandon Davis
|
0-0: Swinging Strike 0-1: Foul Ball, location: 2F 0-2: Hit by Pitch
|
|
Batting: SHB Reagan Dudley
|
0-0: Ball 1-0: Ball 2-0: Foul Ball, location: 2F 2-1: Called Strike 2-2: Ball 3-2: Base on Balls Brandon Davis to second
|
|
Batting: RHB Shoh Tanioka
|
0-0: Ball 1-0: Called Strike 1-1: Grounds into double play, 6-4-3 (Groundball, 6, EV 89.4 MPH)
|
| Top of the 2nd over - 0 runs, 0 hits, 0 errors, 1 left on base; Frisco 0 - Midland 0 |
| BOTTOM OF THE 2ND |
|
Midland RockHounds batting - Pitching for Frisco RoughRiders : LHP John Roe
|
|
Batting: LHB Chance Stever
|
0-0: Ground out 3-1 (Groundball, 34, EV 86.2 MPH)
|
|
Batting: RHB Danny Heikkila
|
0-0: Ball 1-0: Ball 2-0: Ball 3-0: Called Strike 3-1: Base on Balls
|
|
Batting: SHB Rich Muniz
|
0-0: SINGLE (Groundball, 34D, EV 97.5 MPH) Danny Heikkila to second Runner from 2nd tries for 3rd, SAFE, throw by RF made to third Rich Muniz to second
|
|
Batting: RHB Jonathan Gallup
|
0-0: 3-RUN HOME RUN (Flyball, 7D, EV 97.5 MPH), Distance : 376 ft
|
|
Batting: LHB Billy Schultz
|
0-0: Called Strike 0-1: SINGLE (Line Drive, 4M, EV 96.9 MPH)
|
|
Batting: SHB Ian Finley
|
0-0: Swinging Strike 0-1: Foul Ball, location: 2F 0-2: Ball 1-2: Ground out 5-3 (Groundball, 56, EV 91.9 MPH) Billy Schultz to second
|
|
Batting: RHB Armando Estrada
|
0-0: Foul Ball, location: 2F 0-1: Foul Ball, location: 2F 0-2: Ball 1-2: Foul Ball, location: 2F 1-2: Ball 2-2: Strikes out looking
|
| Bottom of the 2nd over - 3 runs, 3 hits, 0 errors, 1 left on base; Frisco 0 - Midland 3 |
| TOP OF THE 3RD |
|
Frisco RoughRiders batting - Pitching for Midland RockHounds : RHP John Barney
|
|
Batting: RHB Gavin Fimple
|
0-0: Called Strike 0-1: DOUBLE (Line Drive, 9LM, EV 103.8 MPH)
|
|
Batting: LHB Davey Schonewille
|
0-0: Ball 1-0: SINGLE (Line Drive, 7LS, EV 102.5 MPH) Gavin Fimple to third Runner from 3rd tries for Home, SAFE, throw by LF to home
|
|
Batting: LHB Alfonso Collazo
|
0-0: Ball 1-0: Ball 2-0: Called Strike 2-1: Ball 3-1: Grounds into double play, 4-6-3 (Groundball, 4, EV 81.9 MPH)
|
|
Batting: LHB Justin Barker
|
0-0: Ball 1-0: Ball 2-0: Ground out U3 (Groundball, 3, EV 81.9 MPH)
|
| Top of the 3rd over - 1 run, 2 hits, 0 errors, 0 left on base; Frisco 1 - Midland 3 |
| BOTTOM OF THE 3RD |
|
Midland RockHounds batting - Pitching for Frisco RoughRiders : LHP John Roe
|
|
Batting: RHB Dave Glenn
|
0-0: Foul Ball, location: 2F 0-1: Ground out 5-3 (Groundball, 56, EV 90.6 MPH)
|
|
Batting: RHB Eduardo Chavez
|
0-0: Swinging Strike 0-1: Ground out 6-3 (Groundball, 56D, EV 104.4 MPH)
|
|
Batting: LHB Chance Stever
|
0-0: Ball 1-0: Foul Ball, location: 2F 1-1: Fly out, F9 (Flyball, 9, EV 92.5 MPH)
|
| Bottom of the 3rd over - 0 runs, 0 hits, 0 errors, 0 left on base; Frisco 1 - Midland 3 |
| TOP OF THE 4TH |
|
Frisco RoughRiders batting - Pitching for Midland RockHounds : RHP John Barney
|
|
Batting: RHB Kurt Wagner
|
0-0: Called Strike 0-1: Called Strike 0-2: Ball 1-2: Ground out 3-1 (Groundball, 13, EV 85.6 MPH)
|
|
Batting: RHB Aaron Graham
|
0-0: Foul Ball, location: 2F 0-1: Ball 1-1: Foul Ball, location: 2F 1-2: Fly out, F7 (Flyball, 7, EV 86.2 MPH)
|
|
Batting: RHB Brandon Davis
|
0-0: Called Strike 0-1: Called Strike 0-2: Ball 1-2: Ball 2-2: Ground out 4-3 (Groundball, 4, EV 103.8 MPH)
|
| Top of the 4th over - 0 runs, 0 hits, 0 errors, 0 left on base; Frisco 1 - Midland 3 |
| BOTTOM OF THE 4TH |
|
Midland RockHounds batting - Pitching for Frisco RoughRiders : LHP John Roe
|
|
Batting: RHB Danny Heikkila
|
0-0: Ball 1-0: Foul Ball, location: 2F 1-1: Ball 2-1: Ground out 2-3 (Groundball, 2R, EV 75.0 MPH)
|
|
Batting: SHB Rich Muniz
|
0-0: Ball 1-0: Ball 2-0: Foul Ball, location: 2F 2-1: Ball 3-1: Base on Balls
|
|
Batting: RHB Jonathan Gallup
|
0-0: Foul Ball, location: 2F 0-1: Ball 1-1: 2-RUN HOME RUN (Flyball, 78XD, EV 99.4 MPH), Distance : 398 ft
|
|
Batting: LHB Billy Schultz
|
0-0: Called Strike 0-1: Foul Ball, location: 2F 0-2: Fly out, F9 (Flyball, 9S, EV 93.8 MPH)
|
|
Batting: SHB Ian Finley
|
0-0: Called Strike 0-1: Ball 1-1: Ground out 5-3 (Groundball, 6S, EV 77.5 MPH)
|
| Bottom of the 4th over - 2 runs, 1 hit, 0 errors, 0 left on base; Frisco 1 - Midland 5 |
| TOP OF THE 5TH |
|
Frisco RoughRiders batting - Pitching for Midland RockHounds : RHP John Barney
|
|
Batting: SHB Reagan Dudley
|
0-0: Foul Ball, location: 2F 0-1: Ball 1-1: SINGLE (Flyball, 78S, EV 101.2 MPH)
|
|
Batting: RHB Shoh Tanioka
|
0-0: Ball 1-0: Ground out 6-3 (Groundball, 6MS, EV 70.0 MPH) Reagan Dudley to second
|
|
Batting: RHB Gavin Fimple
|
0-0: Ball 1-0: Called Strike 1-1: Ground out 1-3 (Groundball, 15S, EV 71.2 MPH)
|
|
Batting: LHB Davey Schonewille
|
0-0: Foul Ball, location: 2F 0-1: Ground out 5-3 (Groundball, 56S, EV 79.4 MPH)
|
| Top of the 5th over - 0 runs, 1 hit, 0 errors, 1 left on base; Frisco 1 - Midland 5 |
| BOTTOM OF THE 5TH |
|
Midland RockHounds batting - Pitching for Frisco RoughRiders : LHP John Roe
|
|
Batting: RHB Armando Estrada
|
0-0: Ground out 6-3 (Groundball, 6, EV 86.2 MPH)
|
|
Batting: RHB Dave Glenn
|
0-0: Called Strike 0-1: SINGLE (Line Drive, 6MD, EV 101.2 MPH)
|
|
Pitching: RHP Bill Tindall
|
|
|
Batting: RHB Eduardo Chavez
|
0-0: Ball 1-0: Called Strike Dave Glenn is caught stealing 2nd base 2-4 1-1: Called Strike 1-2: Fly out, F6 (Line Drive, 6, EV 70.6 MPH)
|
| Bottom of the 5th over - 0 runs, 1 hit, 0 errors, 0 left on base; Frisco 1 - Midland 5 |
| TOP OF THE 6TH |
|
Frisco RoughRiders batting - Pitching for Midland RockHounds : RHP John Barney
|
|
Batting: LHB Alfonso Collazo
|
0-0: Foul Ball, location: 2F 0-1: Swinging Strike 0-2: Ground out 4-3 (Groundball, 4, EV 85.0 MPH)
|
|
Batting: LHB Justin Barker
|
0-0: Swinging Strike 0-1: Ground out 6-3 (Groundball, 4MD, EV 91.2 MPH)
|
|
Batting: RHB Kurt Wagner
|
0-0: Ball 1-0: Foul Ball, location: 2F 1-1: Ball 2-1: Ball 3-1: Base on Balls
|
|
Batting: RHB Aaron Graham
|
0-0: Ball 1-0: DOUBLE (Flyball, 78XD, EV 103.8 MPH) Kurt Wagner to third Runner from 3rd tries for Home, SAFE, throw by CF to home
|
|
Batting: RHB Brandon Davis
|
0-0: Called Strike 0-1: Swinging Strike 0-2: Strikes out swinging
|
| Top of the 6th over - 1 run, 1 hit, 0 errors, 1 left on base; Frisco 2 - Midland 5 |
| BOTTOM OF THE 6TH |
|
Midland RockHounds batting - Pitching for Frisco RoughRiders : RHP Bill Tindall
|
|
Batting: LHB Chance Stever
|
0-0: Ball 1-0: Ground out U3 (Groundball, 34, EV 84.4 MPH)
|
|
Batting: RHB Danny Heikkila
|
0-0: Called Strike 0-1: Ground out 4-3 (Groundball, 4, EV 101.9 MPH)
|
|
Batting: SHB Rich Muniz
|
0-0: Ball 1-0: DOUBLE (Flyball, 8RXD, EV 99.4 MPH)
|
|
Batting: RHB Jonathan Gallup
|
0-0: Foul Ball, location: 2F 0-1: Ball 1-1: SINGLE (Groundball, 6MS, EV 86.2 MPH) (infield hit) Rich Muniz to third
|
|
Batting: LHB Billy Schultz
|
0-0: Ball 1-0: Foul Ball, location: 2F 1-1: SINGLE (Line Drive, 4D, EV 95.0 MPH) Rich Muniz scores Jonathan Gallup to second Runner from 2nd tries for 3rd, OUT! 8-5
|
| Bottom of the 6th over - 1 run, 3 hits, 0 errors, 1 left on base; Frisco 2 - Midland 6 |
| TOP OF THE 7TH |
|
Frisco RoughRiders batting - Pitching for Midland RockHounds : RHP John Barney
|
|
Batting: SHB Reagan Dudley
|
0-0: Swinging Strike 0-1: Ball 1-1: Foul Ball, location: 2F 1-2: Strikes out looking
|
|
Batting: RHB Shoh Tanioka
|
0-0: Ball 1-0: Foul Ball, location: 2F 1-1: Ball 2-1: Foul Ball, location: 2F 2-2: Ball 3-2: Foul Ball, location: 2F 3-2: Ground out 6-3 (Groundball, 6, EV 102.5 MPH)
|
|
Batting: RHB Gavin Fimple
|
0-0: Called Strike 0-1: Ball 1-1: Foul Ball, location: 2F 1-2: Strikes out swinging wild pitch, reaches first!
|
|
Batting: LHB Davey Schonewille
|
0-0: Ball Gavin Fimple steals 2nd base 1-0: Swinging Strike 1-1: Called Strike 1-2: Strikes out swinging
|
| Top of the 7th over - 0 runs, 0 hits, 0 errors, 1 left on base; Frisco 2 - Midland 6 |
| BOTTOM OF THE 7TH |
|
Midland RockHounds batting - Pitching for Frisco RoughRiders : RHP Bill Tindall
|
|
Batting: SHB Ian Finley
|
0-0: Ball 1-0: Foul Ball, location: 2F 1-1: Swinging Strike 1-2: Strikes out swinging
|
|
Batting: RHB Armando Estrada
|
0-0: Foul Ball, location: 2F 0-1: Ball 1-1: Called Strike 1-2: Ball 2-2: Strikes out swinging
|
|
Batting: RHB Dave Glenn
|
0-0: Ball 1-0: Called Strike 1-1: Ground out 4-3 (Groundball, 4S, EV 71.9 MPH)
|
| Bottom of the 7th over - 0 runs, 0 hits, 0 errors, 0 left on base; Frisco 2 - Midland 6 |
| TOP OF THE 8TH |
|
Frisco RoughRiders batting - Pitching for Midland RockHounds : RHP John Barney
|
|
Batting: LHB Alfonso Collazo
|
0-0: Called Strike 0-1: Ball 1-1: Ball 2-1: Ground out 4-3 (Groundball, 34D, EV 87.5 MPH)
|
|
Batting: LHB Justin Barker
|
0-0: Called Strike 0-1: Hit by Pitch
|
|
Pitching: LHP Bobby Dahlgren
|
|
|
Batting: RHB Kurt Wagner
|
0-0: Foul Ball, location: 2F 0-1: Foul Ball, location: 2F 0-2: Strikes out swinging
|
|
Batting: RHB Aaron Graham
|
0-0: Called Strike 0-1: Ground out U3 (Groundball, 3S, EV 78.8 MPH)
|
| Top of the 8th over - 0 runs, 0 hits, 0 errors, 1 left on base; Frisco 2 - Midland 6 |
| BOTTOM OF THE 8TH |
|
Midland RockHounds batting - Pitching for Frisco RoughRiders : RHP Bill Tindall
|
|
Batting: RHB Eduardo Chavez
|
0-0: Ball 1-0: Ball 2-0: Ball 3-0: Called Strike 3-1: Foul Ball, location: 2F 3-2: Base on Balls
|
|
Batting: LHB Chance Stever
|
0-0: 2-RUN HOME RUN (Flyball, 78XD, EV 106.9 MPH), Distance : 413 ft
|
|
Pitching: LHP Angel Contreras
|
|
|
Batting: RHB Danny Heikkila
|
0-0: Called Strike 0-1: Called Strike 0-2: Ball 1-2: Ball 2-2: Ball 3-2: Strikes out looking
|
|
Batting: SHB Rich Muniz
|
0-0: Ball 1-0: Ground out 4-3 (Groundball, 34, EV 86.2 MPH)
|
|
Batting: RHB Jonathan Gallup
|
0-0: Ball 1-0: Called Strike 1-1: Ball 2-1: Ball 3-1: Base on Balls
|
|
Batting: LHB Billy Schultz
|
0-0: Swinging Strike 0-1: Ball 1-1: Fly out, F4 (Line Drive, 4, EV 70.0 MPH)
|
| Bottom of the 8th over - 2 runs, 1 hit, 0 errors, 1 left on base; Frisco 2 - Midland 8 |
| TOP OF THE 9TH |
|
Frisco RoughRiders batting - Pitching for Midland RockHounds : LHP Bobby Dahlgren
|
|
Batting: RHB Brandon Davis
|
0-0: Ball 1-0: Swinging Strike 1-1: Swinging Strike 1-2: Strikes out swinging
|
|
Batting: SHB Reagan Dudley
|
0-0: Foul Ball, location: 2F 0-1: Fly out, F8 (Flyball, 8RXD, EV 86.2 MPH)
|
|
Batting: RHB Shoh Tanioka
|
0-0: Ball 1-0: Ball 2-0: SINGLE (Line Drive, 6MD, EV 99.4 MPH)
|
|
Batting: RHB Gavin Fimple
|
0-0: Ball 1-0: Foul Ball, location: 2F 1-1: Called Strike 1-2: SINGLE (Groundball, 4D, EV 96.9 MPH) Shoh Tanioka to second
|
|
Batting: LHB Davey Schonewille
|
0-0: Called Strike 0-1: Ball 1-1: Ball 2-1: Foul Ball, location: 2F 2-2: Strikes out swinging
|
| Top of the 9th over - 0 runs, 2 hits, 0 errors, 2 left on base; Frisco 2 - Midland 8 |
|